3313 views
Uploaded 2020-03-25 14:12:22
Game version 1.32.3
15:47 long 4on4 ladder game on (8)Feralas_LV
Saved by BaDitO2
3313 views
Uploaded 2020-03-25 14:12:22
Game version 1.32.3
15:47 long 4on4 ladder game on (8)Feralas_LV


95 units @ 14.2k
/ 1.9k
78 buildings @ 10.7k
/ 4.2k

| Peon | 9 | 675 | / | 0 |
| Grunt | 6 | 1200 | / | 0 |
| Shaman | 8 | 1040 | / | 160 |
| Tauren | 3 | 840 | / | 240 |
| total: | 26 | 3755g | / | 400w |
| Watch Tower | 5 | 550 | / | 400 |
| Barracks | 1 | 180 | / | 50 |
| Altar of Storms | 1 | 180 | / | 50 |
| Orc Burrow | 5 | 800 | / | 200 |
| War Mill | 1 | 205 | / | 0 |
| Voodoo Lounge | 1 | 130 | / | 30 |
| Great Hall | 1 | 385 | / | 185 |
| Spirit Lodge | 1 | 150 | / | 150 |
| Tauren Totem | 1 | 135 | / | 155 |
| Stronghold | 1 | 315 | / | 190 |
| Fortress | 1 | 325 | / | 190 |
| total: | 17 | 2715g | / | 1220w |
| 0:06 | Barracks |
| 0:11 | Altar of Storms |
| 0:13 | Peon |
| 0:27 | Orc Burrow |
| 0:31 | Orc Burrow |
| 0:35 | Peon |
| 0:47 | Peon |
| 1:12 | Peon |
| 1:29 | Grunt |
| 1:54 | Orc Burrow |
| 2:14 | Grunt |
| 2:22 | Healing Wave |
| 2:39 | Orc Burrow |
| 3:02 | Grunt |
| 3:48 | War Mill |
| 3:51 | Grunt |
| 4:09 | Stronghold |
| 4:45 | Hex |
| 5:09 | Grunt |
| 5:09 | Grunt |
| 5:18 | Voodoo Lounge |
| 5:49 | Orc Burrow |
| 6:36 | Healing Wave |
| 6:52 | Peon |
| 6:53 | Peon |
| 7:24 | Watch Tower |
| 9:12 | Fortress |
| 9:20 | Great Hall |
| 9:24 | Watch Tower |
| 9:32 | Spirit Lodge |
| 9:37 | Steel Melee Weapons |
| 9:37 | Steel Armor |
| 9:44 | Watch Tower |
| 11:14 | Shaman Adept Training |
| 11:15 | Shaman |
| 11:15 | Shaman |
| 11:15 | Shaman |
| 11:15 | Shaman |
| 11:25 | Tauren Totem |
| 11:31 | Watch Tower |
| 11:33 | Watch Tower |
| 12:49 | Thorium Armor |
| 12:49 | Thorium Melee Weapons |
| 13:21 | Tauren |
| 13:51 | Peon |
| 13:51 | Peon |
| 13:52 | Peon |
| 13:59 | Shaman |
| 13:59 | Shaman |
| 14:14 | Shaman Master Training |
| 14:20 | Tauren |
| 14:35 | Tauren |
| 14:58 | Shaman |
| 14:59 | Shaman |
| Right click | 412 |
| Select | 170 |
| Build/train/purchase | 38 |
| Use ability | 11 |
| Remove unit | 2 |


| Rod of Necromancy | 1 | 150 |
| Orb of Corruption | 1 | 375 |
| Scroll of Town Portal | 1 | 350 |
| total: | 3 | 875g |
| Acolyte | 3 | 225 | / | 0 |
| Ghoul | 3 | 360 | / | 0 |
| Crypt Fiend | 6 | 1290 | / | 240 |
| Frost Wyrm | 2 | 770 | / | 240 |
| total: | 14 | 2645g | / | 480w |
| Nerubian Tower | 1 | 100 | / | 20 |
| Spirit Tower | 1 | 145 | / | 40 |
| Ziggurat | 6 | 900 | / | 300 |
| Graveyard | 1 | 215 | / | 0 |
| Crypt | 1 | 200 | / | 50 |
| Altar of Darkness | 1 | 180 | / | 50 |
| Tomb of Relics | 1 | 130 | / | 30 |
| Necropolis | 1 | 225 | / | 0 |
| Sacrificial Pit | 1 | 75 | / | 150 |
| Boneyard | 2 | 350 | / | 400 |
| Halls of the Dead | 1 | 320 | / | 210 |
| Black Citadel | 1 | 325 | / | 230 |
| total: | 14 | 2275g | / | 980w |
| 0:05 | Acolyte |
| 0:05 | Acolyte |
| 0:14 | Ziggurat |
| 0:27 | Graveyard |
| 0:33 | Crypt |
| 0:50 | Altar of Darkness |
| 1:06 | Tomb of Relics |
| 1:29 | Ziggurat |
| 1:36 | Ghoul |
| 1:50 | Ghoul |
| 2:13 | Ghoul |
| 2:21 | Acolyte |
| 2:29 | Crypt Fiend |
| 2:44 | Nerubian Tower |
| 2:52 | Rod of Necromancy |
| 2:56 | Death Coil |
| 3:22 | Crypt Fiend |
| 3:52 | Ziggurat |
| 4:04 | Crypt Fiend |
| 4:15 | Halls of the Dead |
| 4:19 | Unholy Aura |
| 5:26 | Creature Attack |
| 5:26 | Creature Carapace |
| 5:28 | Crypt Fiend |
| 5:28 | Crypt Fiend |
| 5:58 | Death Coil |
| 6:12 | Ziggurat |
| 8:25 | Frost Nova |
| 9:11 | Black Citadel |
| 9:18 | Necropolis |
| 9:35 | Sacrificial Pit |
| 9:45 | Crypt Fiend |
| 10:03 | Improved Creature Attack |
| 10:03 | Improved Creature Carapace |
| 11:26 | Spirit Tower |
| 11:39 | Boneyard |
| 11:41 | Boneyard |
| 12:09 | Ziggurat |
| 12:33 | Unholy Aura |
| 12:40 | Frost Armor |
| 13:18 | Frost Wyrm |
| 14:06 | Frost Wyrm |
| 14:11 | Ziggurat |
| 14:34 | Scroll of Town Portal |
| 14:41 | Orb of Corruption |
| Right click | 430 |
| Select | 197 |
| Build/train/purchase | 39 |
| Use ability | 17 |
| Resource trade | 5 |
| Minimap ping | 3 |
| Item give/drop | 2 |

| Scroll of Regeneration | 5 | 500 |
| Lesser Clarity Potion | 1 | 70 |
| Potion of Healing | 1 | 150 |
| Staff of Sanctuary | 1 | 250 |
| Scroll of Town Portal | 2 | 700 |
| total: | 10 | 1670g |
| Peasant | 18 | 1350 | / | 0 |
| Footman | 6 | 810 | / | 0 |
| Gryphon Rider | 8 | 2240 | / | 560 |
| total: | 32 | 4400g | / | 560w |
| Scout Tower | 8 | 240 | / | 160 |
| Arcane Tower | 2 | 140 | / | 100 |
| Guard Tower | 8 | 560 | / | 400 |
| Farm | 13 | 1040 | / | 260 |
| Altar of Kings | 1 | 180 | / | 50 |
| Barracks | 1 | 160 | / | 60 |
| Arcane Vault | 2 | 260 | / | 60 |
| Town Hall | 1 | 385 | / | 205 |
| Lumber Mill | 1 | 120 | / | 0 |
| Blacksmith | 1 | 140 | / | 60 |
| Gryphon Aviary | 3 | 420 | / | 450 |
| Keep | 1 | 320 | / | 210 |
| Castle | 1 | 360 | / | 210 |
| total: | 31 | 2945g | / | 1305w |
| 0:10 | Peasant |
| 0:10 | Peasant |
| 0:10 | Peasant |
| 0:15 | Farm |
| 0:22 | Altar of Kings |
| 0:32 | Barracks |
| 0:39 | Peasant |
| 0:49 | Farm |
| 0:57 | Peasant |
| 1:06 | Peasant |
| 1:21 | Peasant |
| 1:34 | Footman |
| 1:37 | Peasant |
| 1:42 | Farm |
| 1:54 | Footman |
| 2:08 | Scout Tower |
| 2:13 | Farm |
| 2:18 | Footman |
| 2:26 | Banish |
| 2:33 | Peasant |
| 2:36 | Arcane Tower |
| 2:47 | Footman |
| 2:53 | Peasant |
| 3:06 | Arcane Vault |
| 3:32 | Footman |
| 3:34 | Peasant |
| 3:50 | Siphon Mana |
| 4:14 | Defend |
| 4:14 | Peasant |
| 4:15 | Peasant |
| 4:47 | Town Hall |
| 5:06 | Keep |
| 5:16 | Scroll of Regeneration |
| 5:27 | Scout Tower |
| 5:39 | Lumber Mill |
| 5:58 | Scout Tower |
| 5:59 | Peasant |
| 6:03 | Banish |
| 6:11 | Arcane Tower |
| 6:17 | Footman |
| 6:20 | Blacksmith |
| 6:24 | Peasant |
| 6:26 | Scout Tower |
| 6:37 | Scroll of Regeneration |
| 6:48 | Scroll of Regeneration |
| 6:50 | Scout Tower |
| 6:51 | Guard Tower |
| 7:11 | Guard Tower |
| 7:24 | Arcane Vault |
| 7:25 | Farm |
| 7:27 | Guard Tower |
| 8:51 | Castle |
| 9:17 | Iron Forged Swords |
| 9:17 | Studded Leather Armor |
| 9:18 | Improved Lumber Harvesting |
| 9:19 | Improved Masonry |
| 9:21 | Gryphon Aviary |
| 9:23 | Gryphon Aviary |
| 9:23 | Gryphon Aviary |
| 9:35 | Scout Tower |
| 9:36 | Scout Tower |
| 9:37 | Scout Tower |
| 9:41 | Peasant |
| 9:41 | Peasant |
| 9:41 | Peasant |
| 9:43 | Farm |
| 9:44 | Farm |
| 9:49 | Farm |
| 9:49 | Farm |
| 10:16 | Guard Tower |
| 10:33 | Steel Forged Swords |
| 10:46 | Guard Tower |
| 11:12 | Gryphon Rider |
| 11:15 | Guard Tower |
| 11:16 | Lesser Clarity Potion |
| 11:19 | Scroll of Town Portal |
| 11:19 | Potion of Healing |
| 11:20 | Staff of Sanctuary |
| 11:24 | Gryphon Rider |
| 11:26 | Advanced Lumber Harvesting |
| 12:25 | Storm Hammers |
| 12:26 | Gryphon Rider |
| 12:26 | Gryphon Rider |
| 12:33 | Siphon Mana |
| 13:10 | Reinforced Leather Armor |
| 13:12 | Gryphon Rider |
| 13:34 | Advanced Masonry |
| 13:40 | Scroll of Regeneration |
| 13:43 | Scroll of Town Portal |
| 13:46 | Farm |
| 13:48 | Farm |
| 13:49 | Farm |
| 13:51 | Farm |
| 13:56 | Gryphon Rider |
| 14:12 | Scroll of Regeneration |
| 14:18 | Gryphon Rider |
| 14:37 | Gryphon Rider |
| 15:09 | Banish |
| Right click | 600 |
| Select | 357 |
| Build/train/purchase | 90 |
| Use ability | 39 |
| Item give/drop | 3 |
| Remove unit | 2 |


| Acolyte | 8 | 600 | / | 0 |
| Ghoul | 4 | 480 | / | 0 |
| Crypt Fiend | 11 | 2365 | / | 440 |
| total: | 23 | 3445g | / | 440w |
| Nerubian Tower | 3 | 300 | / | 60 |
| Spirit Tower | 1 | 145 | / | 40 |
| Crypt | 2 | 400 | / | 100 |
| Graveyard | 1 | 215 | / | 0 |
| Ziggurat | 9 | 1350 | / | 450 |
| Altar of Darkness | 2 | 360 | / | 100 |
| Necropolis | 2 | 450 | / | 0 |
| Halls of the Dead | 1 | 320 | / | 210 |
| total: | 16 | 2775g | / | 650w |
| 0:03 | Acolyte |
| 0:04 | Acolyte |
| 0:13 | Crypt |
| 0:40 | Graveyard |
| 0:54 | Ziggurat |
| 1:18 | Ghoul |
| 1:20 | Ghoul |
| 1:47 | Ghoul |
| 2:13 | Ghoul |
| 2:21 | Altar of Darkness |
| 2:25 | Acolyte |
| 2:34 | Crypt Fiend |
| 2:44 | Ziggurat |
| 3:24 | Halls of the Dead |
| 3:38 | Black Arrow |
| 3:45 | Crypt Fiend |
| 4:54 | Crypt Fiend |
| 4:58 | Silence |
| 6:11 | Web |
| 6:11 | Crypt Fiend |
| 6:15 | Necropolis |
| 6:23 | Crypt |
| 6:27 | Ziggurat |
| 6:27 | Ziggurat |
| 6:51 | Black Arrow |
| 7:25 | Nerubian Tower |
| 7:27 | Spirit Tower |
| 8:11 | Ziggurat |
| 8:12 | Ziggurat |
| 8:13 | Ziggurat |
| 8:14 | Ziggurat |
| 9:03 | Necropolis |
| 9:07 | Death Coil |
| 9:15 | Crypt Fiend |
| 10:33 | Crypt Fiend |
| 10:33 | Crypt Fiend |
| 10:34 | Crypt Fiend |
| 10:38 | Acolyte |
| 10:38 | Acolyte |
| 10:38 | Acolyte |
| 10:39 | Acolyte |
| 11:16 | Crypt Fiend |
| 11:27 | Nerubian Tower |
| 11:32 | Ziggurat |
| 12:30 | Altar of Darkness |
| 12:35 | Acolyte |
| 12:39 | Crypt Fiend |
| 12:40 | Crypt Fiend |
| 13:42 | Nerubian Tower |
| Right click | 276 |
| Select | 220 |
| Build/train/purchase | 45 |
| Misc. action | 21 |
| Resource trade | 19 |
| Chat | 19 |
| Assign group | 16 |
| Use ability | 16 |
| Select group | 14 |
| Esc | 5 |
| Remove unit | 1 |
159 units @ 19.6k
/ 1.8k
82 buildings @ 10.8k
/ 5k



| Healing Salve | 3 | 300 |
| Lesser Clarity Potion | 2 | 140 |
| Scroll of Speed | 1 | 50 |
| Potion of Healing | 1 | 150 |
| total: | 7 | 640g |
| Peon | 12 | 900 | / | 0 |
| Troll Headhunter | 6 | 840 | / | 120 |
| Shaman | 4 | 520 | / | 80 |
| Kodo Beast | 2 | 510 | / | 120 |
| Troll Berserker | 4 | 560 | / | 80 |
| Wind Rider | 2 | 530 | / | 80 |
| total: | 30 | 3860g | / | 480w |
| Altar of Storms | 1 | 180 | / | 50 |
| Orc Burrow | 6 | 960 | / | 240 |
| War Mill | 1 | 205 | / | 0 |
| Barracks | 1 | 180 | / | 50 |
| Voodoo Lounge | 1 | 130 | / | 30 |
| Great Hall | 1 | 385 | / | 185 |
| Spirit Lodge | 3 | 450 | / | 450 |
| Beastiary | 1 | 145 | / | 140 |
| Stronghold | 1 | 315 | / | 190 |
| Fortress | 1 | 325 | / | 190 |
| total: | 15 | 2635g | / | 1145w |
| 0:02 | Peon |
| 0:02 | Peon |
| 0:07 | Altar of Storms |
| 0:11 | Peon |
| 0:16 | Orc Burrow |
| 0:30 | Peon |
| 0:50 | War Mill |
| 0:55 | Peon |
| 1:17 | Peon |
| 1:19 | Barracks |
| 1:36 | Peon |
| 1:45 | Orc Burrow |
| 1:56 | Peon |
| 2:10 | War Stomp |
| 2:22 | Voodoo Lounge |
| 2:24 | Troll Headhunter |
| 2:54 | Stronghold |
| 3:05 | Troll Headhunter |
| 3:28 | Troll Headhunter |
| 3:34 | Orc Burrow |
| 3:47 | Troll Headhunter |
| 4:16 | Troll Headhunter |
| 4:34 | Endurance Aura |
| 4:36 | Steel Ranged Weapons |
| 5:05 | Healing Salve |
| 5:10 | Troll Headhunter |
| 5:26 | War Stomp |
| 5:43 | Fortress |
| 5:48 | Lesser Clarity Potion |
| 5:50 | Healing Salve |
| 6:06 | Healing Salve |
| 6:13 | Lesser Clarity Potion |
| 6:20 | Great Hall |
| 6:37 | Spirit Lodge |
| 6:40 | Hex |
| 6:46 | Scroll of Speed |
| 6:48 | Potion of Healing |
| 7:01 | Spirit Lodge |
| 7:06 | Beastiary |
| 7:58 | Orc Burrow |
| 8:39 | Endurance Aura |
| 8:52 | Shaman Adept Training |
| 8:58 | Berserker Upgrade |
| 9:21 | Healing Wave |
| 9:27 | Peon |
| 9:27 | Peon |
| 9:42 | Spirit Lodge |
| 9:43 | Shaman |
| 9:44 | Kodo Beast |
| 10:17 | Troll Berserker |
| 10:28 | Ensnare |
| 10:30 | War Drums Damage Increase |
| 10:31 | Kodo Beast |
| 10:32 | Shaman Master Training |
| 10:33 | Shaman |
| 11:14 | Thorium Ranged Weapons |
| 11:18 | Shaman |
| 11:32 | Peon |
| 11:32 | Peon |
| 12:15 | Troll Berserker |
| 12:17 | Wind Rider |
| 12:39 | War Stomp |
| 12:56 | Troll Berserker |
| 13:01 | Shaman |
| 13:05 | Orc Burrow |
| 13:06 | Orc Burrow |
| 13:29 | Arcanite Ranged Weapons |
| 14:16 | Healing Wave |
| 14:23 | Black Arrow |
| 14:28 | Wind Rider |
| 14:29 | Troll Berserker |
| 14:31 | Witch Doctor Adept Training |
| Right click | 953 |
| Select group | 609 |
| Select | 340 |
| Misc. action | 280 |
| Build/train/purchase | 81 |
| Assign group | 56 |
| Use ability | 26 |
| Chat | 17 |
| Item give/drop | 5 |
| Minimap ping | 2 |
| Esc | 1 |


| Healing Salve | 2 | 200 |
| Lesser Clarity Potion | 2 | 140 |
| Potion of Healing | 1 | 150 |
| Scroll of Speed | 1 | 50 |
| Scroll of Town Portal | 1 | 350 |
| total: | 7 | 890g |
| Peon | 21 | 1575 | / | 0 |
| Grunt | 8 | 1600 | / | 0 |
| Troll Witch Doctor | 6 | 870 | / | 150 |
| Tauren | 6 | 1680 | / | 480 |
| Shaman | 2 | 260 | / | 40 |
| total: | 43 | 5985g | / | 670w |
| Watch Tower | 3 | 330 | / | 240 |
| Orc Burrow | 6 | 960 | / | 240 |
| Altar of Storms | 1 | 180 | / | 50 |
| Barracks | 1 | 180 | / | 50 |
| Voodoo Lounge | 1 | 130 | / | 30 |
| War Mill | 1 | 205 | / | 0 |
| Great Hall | 2 | 770 | / | 370 |
| Spirit Lodge | 2 | 300 | / | 300 |
| Tauren Totem | 2 | 270 | / | 310 |
| Stronghold | 1 | 315 | / | 190 |
| Fortress | 1 | 325 | / | 190 |
| total: | 19 | 3325g | / | 1590w |
| 0:04 | Peon |
| 0:04 | Peon |
| 0:04 | Peon |
| 0:05 | Peon |
| 0:05 | Peon |
| 0:05 | Peon |
| 0:05 | Peon |
| 0:23 | Peon |
| 0:31 | Orc Burrow |
| 0:37 | Peon |
| 0:53 | Altar of Storms |
| 1:01 | Barracks |
| 1:19 | Orc Burrow |
| 1:30 | Peon |
| 1:45 | Voodoo Lounge |
| 2:06 | Grunt |
| 2:20 | Grunt |
| 2:42 | Grunt |
| 2:56 | War Stomp |
| 3:10 | Grunt |
| 3:18 | Orc Burrow |
| 3:34 | Healing Salve |
| 3:58 | War Mill |
| 4:15 | Endurance Aura |
| 4:23 | Peon |
| 4:39 | Peon |
| 4:49 | Peon |
| 5:12 | Great Hall |
| 5:14 | Peon |
| 5:23 | Watch Tower |
| 5:27 | Steel Melee Weapons |
| 5:39 | Orc Burrow |
| 5:42 | Watch Tower |
| 5:59 | Stronghold |
| 6:08 | Watch Tower |
| 6:11 | Steel Armor |
| 6:14 | War Stomp |
| 6:42 | Healing Salve |
| 6:42 | Lesser Clarity Potion |
| 6:44 | Lesser Clarity Potion |
| 8:07 | Peon |
| 8:07 | Peon |
| 8:11 | Grunt |
| 8:11 | Grunt |
| 8:55 | Grunt |
| 8:55 | Grunt |
| 8:55 | Berserker Strength |
| 8:58 | Fortress |
| 9:02 | Spirit Lodge |
| 9:07 | Tauren Totem |
| 9:19 | Thorium Melee Weapons |
| 9:24 | Peon |
| 9:24 | Peon |
| 9:33 | Scroll of Town Portal |
| 9:43 | Potion of Healing |
| 9:44 | Scroll of Speed |
| 10:14 | Hex |
| 10:30 | Witch Doctor Adept Training |
| 10:30 | Troll Witch Doctor |
| 10:30 | Troll Witch Doctor |
| 11:12 | Tauren Totem |
| 11:20 | Orc Burrow |
| 11:22 | Tauren |
| 11:22 | Tauren |
| 11:31 | Witch Doctor Master Training |
| 11:31 | Troll Witch Doctor |
| 11:31 | Troll Witch Doctor |
| 12:15 | Endurance Aura |
| 12:28 | Orc Burrow |
| 12:33 | Tauren |
| 12:35 | Troll Witch Doctor |
| 12:36 | Troll Witch Doctor |
| 12:40 | Pulverize |
| 13:01 | Arcanite Melee Weapons |
| 13:08 | Spirit Lodge |
| 13:23 | Peon |
| 13:35 | Tauren |
| 13:39 | Peon |
| 13:40 | Peon |
| 13:42 | Tauren |
| 13:48 | Healing Wave |
| 14:22 | Tauren |
| 14:39 | Great Hall |
| 14:46 | Shaman Adept Training |
| 14:50 | Shaman |
| 14:51 | Shaman |
| Right click | 247 |
| Select | 176 |
| Build/train/purchase | 84 |
| Chat | 41 |
| Select group | 18 |
| Use ability | 12 |
| Assign group | 10 |
| Remove unit | 4 |
| Item give/drop | 2 |
| Minimap ping | 1 |

| Scroll of Regeneration | 2 | 200 |
| Scroll of Town Portal | 1 | 350 |
| total: | 3 | 550g |
| Peasant | 14 | 1050 | / | 0 |
| Footman | 22 | 2970 | / | 0 |
| Flying Machine | 14 | 1400 | / | 420 |
| total: | 50 | 5420g | / | 420w |
| Scout Tower | 8 | 240 | / | 160 |
| Guard Tower | 3 | 210 | / | 150 |
| Altar of Kings | 1 | 180 | / | 50 |
| Farm | 12 | 960 | / | 240 |
| Barracks | 1 | 160 | / | 60 |
| Lumber Mill | 1 | 120 | / | 0 |
| Town Hall | 1 | 385 | / | 205 |
| Arcane Vault | 1 | 130 | / | 30 |
| Blacksmith | 1 | 140 | / | 60 |
| Workshop | 3 | 420 | / | 420 |
| Keep | 1 | 320 | / | 210 |
| Castle | 1 | 360 | / | 210 |
| total: | 29 | 2735g | / | 1225w |
| 0:04 | Peasant |
| 0:04 | Peasant |
| 0:08 | Altar of Kings |
| 0:23 | Farm |
| 0:25 | Barracks |
| 0:36 | Peasant |
| 0:36 | Peasant |
| 0:45 | Peasant |
| 0:49 | Farm |
| 0:57 | Peasant |
| 1:26 | Peasant |
| 1:30 | Farm |
| 1:31 | Footman |
| 1:34 | Peasant |
| 1:44 | Peasant |
| 1:54 | Lumber Mill |
| 1:56 | Peasant |
| 2:00 | Footman |
| 2:07 | Summon Water Elemental |
| 2:18 | Peasant |
| 2:21 | Footman |
| 2:36 | Footman |
| 3:23 | Town Hall |
| 3:33 | Peasant |
| 3:42 | Scout Tower |
| 3:44 | Scout Tower |
| 3:46 | Scout Tower |
| 3:48 | Scout Tower |
| 3:51 | Peasant |
| 4:14 | Guard Tower |
| 4:16 | Brilliance Aura |
| 4:38 | Arcane Vault |
| 4:39 | Footman |
| 5:07 | Guard Tower |
| 5:38 | Peasant |
| 5:42 | Footman |
| 5:57 | Scroll of Regeneration |
| 6:20 | Footman |
| 6:22 | Footman |
| 6:27 | Keep |
| 6:34 | Summon Water Elemental |
| 6:35 | Footman |
| 6:47 | Footman |
| 7:03 | Scout Tower |
| 7:03 | Scout Tower |
| 7:04 | Scout Tower |
| 7:04 | Scout Tower |
| 7:38 | Defend |
| 8:20 | Footman |
| 8:48 | Footman |
| 8:49 | Castle |
| 8:50 | Guard Tower |
| 9:10 | Scroll of Regeneration |
| 9:11 | Scroll of Town Portal |
| 9:18 | Footman |
| 9:21 | Blacksmith |
| 9:23 | Improved Lumber Harvesting |
| 9:38 | Footman |
| 9:59 | Footman |
| 10:21 | Workshop |
| 10:21 | Workshop |
| 10:49 | Footman |
| 10:50 | Footman |
| 10:52 | Workshop |
| 11:18 | Black Gunpowder |
| 11:19 | Iron Plating |
| 11:20 | Advanced Lumber Harvesting |
| 11:41 | Farm |
| 11:42 | Farm |
| 11:42 | Farm |
| 11:43 | Farm |
| 11:43 | Farm |
| 11:46 | Farm |
| 11:46 | Farm |
| 11:47 | Farm |
| 11:48 | Farm |
| 12:19 | Flak Cannons |
| 12:20 | Flying Machine |
| 12:20 | Flying Machine |
| 12:20 | Flying Machine |
| 12:20 | Flying Machine |
| 12:24 | Blizzard |
| 12:35 | Flying Machine |
| 12:52 | Flying Machine |
| 13:08 | Flying Machine |
| 13:32 | Flying Machine |
| 13:49 | Flying Machine |
| 13:49 | Flying Machine |
| 14:01 | Footman |
| 14:01 | Footman |
| 14:01 | Footman |
| 14:02 | Footman |
| 14:02 | Footman |
| 14:16 | Flying Machine Bombs |
| 14:43 | Flying Machine |
| 14:57 | Flying Machine |
| 15:22 | Flying Machine |
| 15:22 | Flying Machine |
| 15:25 | Summon Water Elemental |
| Right click | 701 |
| Select group | 280 |
| Chat | 234 |
| Select | 221 |
| Build/train/purchase | 109 |
| Assign group | 51 |
| Misc. action | 43 |
| Resource trade | 34 |
| Use ability | 13 |
| Minimap ping | 8 |
| Esc | 7 |


| Peasant | 20 | 1500 | / | 0 |
| Footman | 3 | 405 | / | 0 |
| Rifleman | 5 | 1025 | / | 150 |
| Priest | 4 | 540 | / | 40 |
| Ogre Mauler | 1 | 300 | / | 0 |
| Mud Golem | 1 | 145 | / | 10 |
| Forest Troll Berserker | 1 | 245 | / | 30 |
| Forest Troll Shadow Priest | 1 | 195 | / | 10 |
| total: | 36 | 4355g | / | 240w |
| Scout Tower | 3 | 90 | / | 60 |
| Guard Tower | 2 | 140 | / | 100 |
| Barracks | 1 | 160 | / | 60 |
| Farm | 8 | 640 | / | 160 |
| Altar of Kings | 1 | 180 | / | 50 |
| Blacksmith | 1 | 140 | / | 60 |
| Lumber Mill | 1 | 120 | / | 0 |
| Town Hall | 1 | 385 | / | 205 |
| Gryphon Aviary | 1 | 140 | / | 150 |
| Workshop | 1 | 140 | / | 140 |
| Arcane Sanctum | 1 | 150 | / | 140 |
| Keep | 1 | 320 | / | 210 |
| Castle | 1 | 360 | / | 210 |
| total: | 19 | 2145g | / | 1025w |
| 0:08 | Barracks |
| 0:09 | Peasant |
| 0:10 | Peasant |
| 0:10 | Peasant |
| 0:10 | Peasant |
| 0:27 | Farm |
| 0:38 | Peasant |
| 0:39 | Peasant |
| 0:41 | Peasant |
| 1:03 | Farm |
| 1:12 | Altar of Kings |
| 1:22 | Peasant |
| 1:40 | Farm |
| 2:19 | Farm |
| 2:24 | Blacksmith |
| 2:30 | Footman |
| 2:35 | Footman |
| 3:01 | Footman |
| 3:12 | Keep |
| 3:38 | Flame Strike |
| 4:22 | Scout Tower |
| 4:32 | Rifleman |
| 4:33 | Rifleman |
| 4:33 | Rifleman |
| 4:46 | Lumber Mill |
| 4:53 | Scout Tower |
| 5:20 | Rifleman |
| 5:25 | Black Gunpowder |
| 5:25 | Studded Leather Armor |
| 5:30 | Scout Tower |
| 5:43 | Improved Lumber Harvesting |
| 5:45 | Guard Tower |
| 5:47 | Guard Tower |
| 5:56 | Rifleman |
| 5:56 | Long Rifles |
| 6:51 | Siphon Mana |
| 7:37 | Town Hall |
| 8:03 | Farm |
| 8:06 | Farm |
| 8:10 | Farm |
| 8:12 | Farm |
| 9:12 | Flame Strike |
| 9:25 | Peasant |
| 9:25 | Peasant |
| 9:36 | Gryphon Aviary |
| 9:39 | Workshop |
| 9:48 | Arcane Sanctum |
| 9:53 | Peasant |
| 9:53 | Peasant |
| 9:53 | Peasant |
| 9:54 | Peasant |
| 10:39 | Priest |
| 10:39 | Priest |
| 10:39 | Priest |
| 10:40 | Priest |
| 10:43 | Priest Adept Training |
| 11:40 | Castle |
| 12:08 | Peasant |
| 12:08 | Peasant |
| 12:08 | Peasant |
| 12:08 | Peasant |
| 12:08 | Peasant |
| 12:09 | Peasant |
| 12:50 | Soul Burn |
| 13:18 | Ogre Mauler |
| 13:19 | Mud Golem |
| 13:21 | Forest Troll Berserker |
| 13:21 | Forest Troll Shadow Priest |
| 13:27 | Siphon Mana |
| Right click | 540 |
| Select | 141 |
| Build/train/purchase | 52 |
| Use ability | 6 |
⇛